 Dungeon Crawl Stone Soup version 0.30-a0-1114-gd936c97349 (webtiles) character file.

Game seed: 5858593166220299689

497 ders the Digger (level 7, -6/36 HPs)
             Began as a Gargoyle Earth Elementalist on Apr 20, 2023.
             Was an Initiate of Sif Muna.
             Killed by divine providence
             ... invoked by an orc priest
              (12 damage)
             ... on level 5 of the Dungeon.
             The game lasted 00:05:29 (4532 turns).

ders the Digger (Gargoyle Earth Elementalist)       Turns: 4532, Time: 00:05:29

Health: -6/36      AC:  9    Str: 11    XL:     7   Next: 16%
Magic:  1/14       EV: 12    Int: 18    God:    Sif Muna [......]
Gold:   114        SH:  0    Dex: 10    Spells: 12/16 levels left

rFire   . . .      SeeInvis .    g - +4 mace
rCold   . . .      Faith    +    (no shield)
rNeg    + + .      Spirit   .    u - +2 robe {rN+}
rPois   ∞          Reflect  .    (no helmet)
rElec   +          Rampage  .    (no cloak)
rCorr   .                        (no gloves)
Will    .....                    k - +0 pair of boots
Stlth   ++                       i - amulet of faith
HPRegen 0.26/turn                l - ring of flight
MPRegen 0.14/turn                (no ring)

@: flying
A: sickness immunity, AC +4, negative energy resistance 1, electricity
resistance, torment resistance 1, petrification resistance
a: Renounce Religion


You were on level 5 of the Dungeon.
You worshipped Sif Muna.
Sif Muna was noncommittal.
You visited 2 branches of the dungeon, and saw 6 of its levels.

You collected 184 gold pieces.
You spent 70 gold pieces at shops.

Inventory:

Hand Weapons
 g - a +4 mace (weapon)
Armour
 a - a +0 robe
 k - a +0 pair of boots (worn)
 u - a +2 robe of positive energy (worn)
Jewellery
 d - an amulet of reflection
 i - an amulet of faith (around neck)
 l - a ring of flight (left hand)
Wands
 t - a wand of paralysis (9)
Scrolls
 e - 5 scrolls of teleportation
 f - a scroll of brand weapon {unknown}
 m - a scroll of poison {unknown}
 o - a scroll of identify
 p - 2 scrolls of enchant weapon
 s - a scroll of enchant armour {unknown}
Potions
 b - a potion of magic
 c - 2 potions of mutation
 h - a potion of ambrosia {unknown}
 n - 2 potions of curing {unknown}
 q - a potion of heal wounds {unknown}
 r - a potion of might {unknown}
 v - 2 potions of haste {unknown}
 w - a potion of flight {unknown}


   Skills:
 - Level 1.6 Dodging
 - Level 2.2 Stealth
 + Level 5.0 Spellcasting
 * Level 1.0 Conjurations
 - Level 2.8 Transmutations
 + Level 5.6 Earth Magic
 + Level 0.4 Invocations


You had 12 spell levels left.
You knew the following spells:

 Your Spells              Type           Power      Damage    Failure   Level
a - Sandblast             Erth           48%        2d12      1%          1
b - Stone Arrow           Conj/Erth      32%        3d9       11%         3

Your spell library contained the following spells:

 Spells                   Type           Power      Damage    Failure   Level
 Passwall                 Tmut/Erth      15%        N/A       3%          2
 Petrify                  Tmut/Erth      19%        N/A       24%         4
 Summon Guardian Golem    Hex/Summ       4%         N/A       36%         3
 Orb of Destruction       Conj           4%         9d5       100%        7
 Spellforged Servitor     Conj/Summ      3%         N/A       100%        7


Dungeon Overview and Level Annotations

Branches:
Dungeon (5/15)             Temple (1/1) D:5

Altars:
Ashenzari
Gozag
Makhleb
Sif Muna
Wu Jian

Shops:
D:5 *?


Innate Abilities, Weirdness & Mutations

You are immune to sickness and miasma.
Your stone body is resilient. (AC +4)
You are immune to poison.
You resist negative energy. (rN+)
You are resistant to electric shocks. (rElec)
You are resistant to unholy torment.
You are immune to petrification.


Message History

Pain shoots through your body!
* * * LOW HITPOINT WARNING * * *
Your Spellcasting skill increases to level 5!
Your Conjurations skill increases to level 1!
Unknown command.
Okay, then.
Casting: Sandblast (safe; 1% risk of failure)
Confirm with . or Enter, or press ? or * to list all spells.
Aiming: Sandblast (safe; 1% risk of failure)
Press: ? - help, Shift-Dir - straight line, f - orc priest
Aim: an orc priest, wielding a +0 war axe (83% to hit)
The blast of sand hits the orc priest!
The orc priest is heavily wounded.
Unknown command.
Casting: Sandblast (safe; 1% risk of failure)
Confirm with . or Enter, or press ? or * to list all spells.
You don't have enough magic to cast this spell.
Casting: Sandblast (safe; 1% risk of failure)
Confirm with . or Enter, or press ? or * to list all spells.
Aiming: Sandblast (safe; 1% risk of failure)
Press: ? - help, Shift-Dir - straight line, f/p - orc priest
Aim: an orc priest, wielding a +0 war axe (heavily wounded, 83% to hit)
The blast of sand hits the orc priest.
The orc priest is almost dead.
The orc priest calls upon Beogh to heal the orc priest.
The orc priest's wounds heal themselves!
The orc priest hits you with a +0 flail.
* * * LOW HITPOINT WARNING * * *
Unknown command.
Casting: Sandblast (safe; 1% risk of failure)
Confirm with . or Enter, or press ? or * to list all spells.
Aiming: Sandblast (safe; 1% risk of failure)
Press: ? - help, Shift-Dir - straight line, f/p - orc priest
Aim: an orc priest, wielding a +0 war axe (almost dead, 83% to hit)
The blast of sand hits the orc priest!
You kill the orc priest!
Sif Muna accepts your kill.
The orc priest invokes the aid of Beogh against you.
Beogh smites you!
You die...

,,**,***,* *.######
,,,,,,,,,******* *,* ###
,,,,,,,,,,,,,,,* *,* #..
,,,,,,,,,***##,***** *,* #.#
,,**,*,,,* #.,,,,,#######,* #.#
,,,*,*,,,* #..#####.....######.#
,,,,,,,,,####..#...#.....#...##.#
,,,,,,,,,.>...)o)⌠.[..>....⌠....#
,,*,,,,,,......#@..#.....#...##.#
,,**,**,,####o,#####.....######.#
*,**,**,,,,..,,,,* ####### #.#
,,,,,,,,,,..,***,* *,* #.#
****,****##*,* *,* *,* #.# *
*,,,,,,,,,***,* *,* #.. *
*,*******,,,,,* *,* ### ****,*
*,,,,,,** *,***** ,,,,,* *,**,,,*
*,,,,,*


You could see an orc priest.

Vanquished Creatures
  A scorpion (D:4)
  A howler monkey (D:4)
  2 jellies
  An orc priest (D:5)
  3 hounds
  An orc wizard (D:5)
  A sleepcap (D:4)
  Natasha (D:4)
  Robin (D:4)
  6 adders
  An ufetubus (D:4)
  3 worms (D:4)
  3 dart slugs
  4 orcs (D:3)
  A bat (D:3)
  9 endoplasms
  A giant cockroach (D:2)
  11 goblins
  10 hobgoblins
  6 jackals
  3 quokkas
  9 ball pythons
  3 frilled lizards
  4 kobolds
  9 rats
95 creatures vanquished.

Notes
Turn   | Place    | Note
-------+----------+-------------------------------------------
     0 | D:1      | ders the Gargoyle Earth Elementalist began the quest for
                  | the Orb.
     0 | D:1      | Reached XP level 1. HP: 10/10 MP: 3/3
   133 | D:1      | Reached skill level 1 in Transmutations
   265 | D:1      | Reached XP level 2. HP: 15/15 MP: 1/5
   628 | D:1      | Found a faded altar of an unknown god.
   813 | D:1      | Reached XP level 3. HP: 19/19 MP: 4/6
  1878 | D:2      | Reached XP level 4. HP: 24/24 MP: 4/8
  1914 | D:2      | Identified the +0 leather armour "Hocae" {rF+ Regen+ SInv}
  2287 | D:3      | Found a broken altar of Ashenzari.
  2462 | D:3      | Found an ornate altar of the Wu Jian Council.
  2553 | D:3      | Learned a level 3 spell: Stone Arrow
  2727 | D:3      | Found an opulent altar of Gozag.
  2781 | D:3      | Reached XP level 5. HP: 28/28 MP: 6/10
  3181 | D:4      | Noticed Robin
  3187 | D:4      | Killed Robin
  3541 | D:4      | Reached XP level 6. HP: 32/32 MP: 4/12
  3647 | D:4      | Reached skill level 5 in Earth Magic
  3990 | D:4      | Noticed Natasha
  3995 | D:4      | Killed Natasha
  4323 | D:5      | Entered Level 5 of the Dungeon
  4325 | D:5      | Found Yruleuz's Magic Scroll Shoppe.
  4334 | D:5      | Bought a scroll of teleportation for 42 gold pieces
  4334 | D:5      | Bought a scroll of identify for 28 gold pieces
  4345 | D:5      | Found Init's Assorted Antiques.
  4427 | D:5      | Reached XP level 7. HP: 36/36 MP: 7/14
  4475 | D:5      | Found a staircase to the Ecumenical Temple.
  4496 | Temple   | Entered the Ecumenical Temple
  4499 | Temple   | Became a worshipper of Sif Muna the Loreminder
  4529 | D:5      | Reached skill level 5 in Spellcasting
  4529 | D:5      | Reached skill level 1 in Conjurations
  4532 | D:5      | Killed from afar by an orc priest

Illustrated notes

Levels and vault maps discovered:
D:1:      dpeg_arrival_simpleton_a, layout_basic, ebering_ecumenical_altar_rust
D:2:      layout_basic, eino_tiny_chamber, hex_tiny
D:3:      layout_basic, nicolae_wu_jian_wuxing_cycle, lemuel_crystal_altar,
          marbit_many_paths
D:4:      layout_loops_ring, minmay_unequal, uniq_robin, uniq_natasha
D:5:      layout_loops_ring, zin_purify, minmay_temple_entry_antechambers,
          serial_shops, shop, shop, shop, cheibrodos_sewer_entry_drain
Temple:   nicolae_temple_hex_pool

Skill      XL: |  1  2  3  4  5  6  7 |
---------------+----------------------+-----
Transmutations | 1 2 |  2.8
Earth Magic    | 4 5 |  5.6
Spellcasting   | 3 4 5 |  5.0
Conjurations   | 1 |  1.0
Dodging        | |  1.6
Stealth        | |  2.2
Invocations    | |  0.4

Action                     |  1- 3 |  4- 6 |  7- 9 || total
---------------------------+-------+-------+-------++-------
  Melee: Unarmed           |    11 |       |       ||    11
         War axe           |     4 |       |       ||     4
         Mace              |       |    22 |       ||    22
   Cast: Sandblast         |    56 |    54 |     9 ||   119
         Stone Arrow       |       |    18 |     2 ||    20
    Use: Scroll            |       |     2 |     1 ||     3
 Armour: Robe              |     9 |    21 |       ||    30
  Dodge: Dodged            |    26 |    23 |       ||    49
  Block: Other             |     6 |    13 |       ||    19

Table legend: (Time is in decaauts)
 A = Elapsed time spent in this place.
 B = Non-inter-level travel time spent in this place.
 C = Inter-level travel time spent in this place.
 D = Time resting spent in this place.
 E = Time spent auto-exploring this place.
 F = Levels seen in this place.
 G = Mean time per level.
                   A        B        C        D        E       F      G
               +--------+--------+--------+--------+--------+-----+--------+
         Total |   4599 |   4499 |    100 |    109 |   3829 |   6 |  766.5 |
       Dungeon |   4582 |   4484 |     98 |    109 |   3829 |   5 |  916.4 |
        Temple |     16 |     14 |      2 |      0 |      0 |   1 |   16.0 |
               +--------+--------+--------+--------+--------+-----+--------+

Top non-repeatable levels by time:
     D:4: 1211 daAuts
     D:1: 1132 daAuts
     D:2: 1091 daAuts
     D:3: 951 daAuts
     D:5: 196 daAuts
  Temple: 16 daAuts
